 Dungeon Crawl Stone Soup version 0.31-a0-1-g4198be8af4 (webtiles) character file.

Game seed: 733805862233537001

31873 Chudface the Covert (level 13, -6/82 HPs)
             Began as a Kobold Brigand on May 2, 2023.
             Was a Follower of Uskayaw.
             Mangled by an orc warlord
             ... wielding a +0 broad axe
              (27 damage)
             ... on level 1 of the Orcish Mines.
             The game lasted 01:37:12 (16712 turns).

Chudface the Covert (Kobold Brigand)               Turns: 16712, Time: 01:37:12

Health: -6/82      AC: 10    Str: 12    XL:     13   Next: 99%
Magic:  20/20      EV: 19    Int: 13    God:    Uskayaw [*.....]
Gold:   1104       SH: 11    Dex: 20    Spells: 12/12 levels left

rFire   . . .        a - +2 dagger (venom)
rCold   + + .        J - +0 buckler
rNeg    + . .        N - +2 ring mail {rC+}
rPois   .            Q - +0 helmet
rElec   .            E - scarf {repulsion}
rCorr   .            X - +0 pair of gloves
SInv    .            P - +0 pair of boots
Will    +....        n - amulet "Totyvem" {Reflect rN+ Will+ Str+3 SH+5}
Stlth   +++++++      f - +4 ring of slaying
HPRegen 0.33/turn    p - ring of protection from cold
MPRegen 0.17/turn

%: repel missiles, reflection
@: about to teleport
A: small, no large weapons, nightstalker 3
a: Renounce Religion, Stomp


You were on level 1 of the Orcish Mines.
You worshipped Uskayaw.
Uskayaw was aware of your devotion.
You visited 4 branches of the dungeon, and saw 19 of its levels.
You also visited: Ossuary and Ice Cave.

You collected 1104 gold pieces.

Inventory:

Hand Weapons
 a - a +2 dagger of venom (weapon)
 b - a +1 sling of freezing
 u - a +1 shortbow of electrocution
Missiles
 e - 9 curare-tipped darts (quivered)
Armour
 E - a scarf of repulsion (worn)
 J - a +0 buckler (worn)
 N - a +2 ring mail of cold resistance (worn)
 P - a +0 pair of boots (worn)
 Q - a +0 helmet (worn)
 X - a +0 pair of gloves (worn)
Jewellery
 f - a +4 ring of slaying (left hand)
 n - the amulet "Totyvem" (around neck) {Reflect rN+ Will+ Str+3 SH+5}
   (You found it on level 2 of the Dungeon)

   [amulet of reflection]

   It reflects blocked missile attacks.
   Str:       It affects your strength (+3).
   rN:        It protects you from negative energy.
   SH:        It affects your SH (+5).
   Will:      It increases your willpower.
 p - a ring of protection from cold (right hand)
 D - a ring of flight
Wands
 m - a wand of digging (5)
 o - a wand of roots (5)
 I - a wand of quicksilver (7)
 T - a wand of mindburst (14)
 V - a wand of charming (8)
Scrolls
 d - a scroll of poison {unknown}
 g - a scroll of summoning
 h - 4 scrolls of fog
 j - 7 scrolls of magic mapping
 k - 9 scrolls of teleportation
 l - 2 scrolls of enchant weapon
 s - a scroll of blinking {unknown}
 y - a scroll of fear
 B - 4 scrolls of vulnerability
 F - 6 scrolls of enchant armour
 H - a scroll of acquirement {unknown}
 L - 6 scrolls of immolation
 M - a scroll of amnesia {unknown}
 R - 3 scrolls of torment
 S - a scroll of brand weapon
Potions
 i - 2 potions of flight {unknown}
 q - 3 potions of berserk rage
 r - a potion of brilliance {unknown}
 t - 2 potions of magic {unknown}
 v - 10 potions of curing
 w - a potion of resistance {unknown}
 x - 6 potions of might
 z - 3 potions of haste
 A - 4 potions of attraction
 C - 2 potions of lignification {unknown}
 G - 5 potions of ambrosia
 K - 2 potions of mutation {unknown}
 U - a potion of cancellation {unknown}
 W - 2 potions of heal wounds {unknown}
Miscellaneous
 c - a piece from Xom's chessboard (15/15)
 O - a condenser vane
 Y - a box of beasts (inert)
 Z - a lightning rod (4/4)


   Skills:
 - Level 10.0 Fighting
 - Level 10.0 Short Blades
 + Level 13.1 Ranged Weapons
 - Level 3.0 Throwing
 - Level 1.0 Armour
 - Level 10.0 Dodging
 + Level 14.9 Stealth
 - Level 4.0 Shields
 - Level 10.0 Invocations
 - Level 5.0 Evocations


You had 12 spell levels left.
You didn't know any spells.
Your spell library contained the following spells:

 Spells                   Type           Power      Damage    Failure   Level
 Apportation              Tloc           0%         N/A       67%         1
 Foxfire                  Conj/Fire      0%         2x1d4     67%         1
 Magic Dart               Conj           0%         1d3       67%         1
 Necrotise                Necr           0%         1d4       67%         1
 Slow                     Hex            0%         N/A       67%         1
 Summon Small Mammal      Summ           0%         N/A       67%         1
 Call Imp                 Summ           0%         N/A       82%         2
 Ensorcelled Hibernation  Hex/Ice        0%         N/A       82%         2
 Passwall                 Tmut/Erth      0%         N/A       82%         2
 Sublimation of Blood     Necr           0%         N/A       82%         2
 Wereblood                Tmut           0%         N/A       82%         2
 Inner Flame              Hex/Fire       0%         N/A       96%         3
 Mephitic Cloud           Conj/Pois/Air  0%         N/A       96%         3
 Ozocubu's Armour         Ice            0%         N/A       96%         3
 Summon Guardian Golem    Hex/Summ       0%         N/A       96%         3
 Swiftness                Air            0%         N/A       96%         3
 Vhi's Electric Charge    Tloc/Air       0%         N/A       96%         3
 Flame Wave               Conj/Fire      0%         2d4       100%        4
 Sticky Flame             Conj/Fire      0%         2d3       100%        4
 Summon Lightning Spire   Summ/Air       0%         N/A       100%        4
 Arcjolt                  Conj/Air       0%         1d10      100%        5
 Fireball                 Conj/Fire      0%         3d3       100%        5
 Metabolic Englaciation   Hex/Ice        0%         N/A       100%        5
 Summon Forest            Summ/Tloc      0%         N/A       100%        5
 Plasma Beam              Fire/Air       0%         2x1d11    100%        6
 Simulacrum               Ice/Necr       0%         N/A       100%        6
 Starburst                Conj/Fire      0%         6d3       100%        6
 Monstrous Menagerie      Summ           0%         N/A       100%        7
 Storm Form               Tmut/Air       0%         N/A       100%        7
 Summon Hydra             Summ           0%         N/A       100%        7
 Maxwell's Capacitive Co  Air            0%         ∞         100%        8


Dungeon Overview and Level Annotations

Branches:
Dungeon (12/15)            Temple (1/1) D:5            Lair (5/5) D:8
 Spider (0/4) Lair:3          Orc (1/2) D:9         Ossuary (visited)
  IceCv (visited)
  Swamp: Lair:2-3    Shoals: Lair:2-3     Slime: Lair:4-5

Altars:
Ashenzari
Cheibriados
Dithmenos
Elyvilon
Fedhas
Gozag
Hepliaklqana
Kikubaaqudgha
Makhleb
Nemelex Xobeh
Okawaru
Qazlal
Ru
Sif Muna
Trog
Uskayaw
Vehumet
Wu Jian
Xom
Yredelemnul
Zin
The Shining One

Shops:
D:7 :   D:9 *

Annotations:
D:10 3 runed translucent doors, ytrimaz's ghost, novice GnFi
D:11 exclusion: skeletal warrior
Lair:1 Amaemon
Lair:2 1 runed translucent door, exclusion: downstairs
Lair:5 1 runed translucent door


Innate Abilities, Weirdness & Mutations

You are small and have problems with some larger weapons.
You are completely attuned to the shadows.


Message History

Press: ? - help, v - describe, . - travel
Here: an orc warlord, wielding a +0 broad axe and wearing a +0 chain mail (lightly wounded, strong, ally target)
The floor, spattered with blood.
Throw: 10 darts (curare)
Press: ? - help, Q - select action, (/) - cycle Shift-Dir - straight line, f - orc warlord
Aim: an orc warlord, wielding a +0 broad axe and wearing a +0 chain mail (lightly wounded, strong, ally target, 76% to hit)
You throw a curare-tipped dart.
The curare-tipped dart hits the orc warlord.
The orc warlord is poisoned.
The orc warlord convulses.
The orc warlord seems to slow down.
The orc warlord is moderately wounded.
Your orc warrior unwields a +0 arbalest.
Your orc warrior wields a +0 hand axe.
Your orc warrior barely misses the orc knight.
Your orc warrior hits the orc priest with a +0 hand axe.
Your orc warrior's attack snaps the orc priest out of its fear.
Your orc warrior closely misses the orc.
The warg bites your ogre!
The orc warrior closely misses your orc wizard.
The orc hits your orc warrior with a +0 dagger.
The orc warrior hits your orc with a +0 trident!!
Your orc dies!
Your orc's corpse dissolves into shadows!
The orc priest hits your orc warrior with a +0 falchion.
The orc knight closely misses your two-headed ogre.
You swap places.
Found 17 gold pieces.
Your ogre hits the orc warlord with a +0 giant club!
Your juvenile fireshock beast closely misses the orc warlord.
Your two-headed ogre hits the orc warlord with a +0 giant club!
Your two-headed ogre hits the orc warlord with a +0 giant club.
Your orc warrior hits the orc warlord but does no damage.
Your orc wizard casts a spell at the orc warlord.
The magic dart hits the orc warlord!
Your orc wizard points at the orc warlord and mumbles some strange words.
The magic dart hits the orc warlord but does no damage.
The orc warlord hits your orc wizard with a +0 broad axe!!
Your orc wizard dies!
Your orc wizard's corpse dissolves into shadows!
The orc warlord hits you with a +0 broad axe!!
You die...

.$....
#....##
.....#
#......
.....###.h..#
....oo#.....#
##@H......#
#oo)o.#.<##
#O.Ooo####
##h..ooO.
#...)oooo
##....##oo
.....o#


oo. ...o.###hoo. ......#.O.oo You could see an orc warlord (strong, unaware,
very poisoned, slow, ally target), an orc knight (strong), a warg, 2 orc
warriors, an ogre, 2 orc priests, an orc (strong), a friendly juvenile fireshock
beast (summoned), a friendly two-headed ogre (summoned), 2 friendly orc
warriors, a friendly ogre (summoned) and 3 friendly orc wizards.

Vanquished Creatures
  2 hydras
  Erolcha (D:9)
  A two-headed ogre (D:11)
  2 boulder beetles
  A skyshark (Lair:2)
  2 bog bodies (IceCv)
  2 elephants (Lair:4)
  4 black mambas
  An ice statue (IceCv)
  A torpor snail (Lair:5)
  A gargoyle (D:11)
  8 cane toads
  Maggie (D:10)
  5 rime drakes
  4 komodo dragons
  2 anaconda simulacra (IceCv)
  2 hornets (D:8)
  4 blink frogs
  2 jumping spiders (Lair:3)
  A dire elephant simulacrum (IceCv)
  3 shadows
  3 wraiths
  44 yaks
  A culicivora (Lair:3)
  A wyvern (Lair:3)
  7 redbacks (Lair:3)
  3 vampire mosquitoes (D:11)
  Menkaure (Ossuary)
  3 acid dragons
  2 harpy simulacra (IceCv)
  10 water moccasins
  A hydra simulacrum (IceCv)
  2 ice beasts (D:6)
  3 orc warriors
  2 sky beasts
  2 black bears
  6 centaurs
  An ogre (D:5)
  16 wolves
  2 kobold brigands (D:6)
  11 bullfrogs
  6 two-headed ogre simulacra (IceCv)
  5 cane toad simulacra (IceCv)
  5 killer bees (D:8)
  4 howler monkeys
  2 electric eels
  A lava snake (D:10)
  3 hounds
  A jelly (D:4)
  2 gnoll boudas
  7 orc priests
  2 sleepcaps (D:6)
  9 iguanas
  10 orc wizards
  2 polar bear simulacra (IceCv)
  7 spriggan simulacra (IceCv)
  A wolf simulacrum (IceCv)
  3 troll simulacra (IceCv)
  3 mummies (Ossuary)
  8 gnolls
  5 naga simulacra (IceCv)
  2 shadow imps
  18 white imps
  6 ufetubi (IceCv)
  A worm (D:3)
  4 dart slugs
  22 orcs
  10 endoplasms
  3 giant cockroaches (D:2)
  5 gnoll zombies (Ossuary)
  7 goblins
  6 hobgoblins
  6 jackals
  6 kobolds
  3 ball pythons (D:1)
  3 bats
  3 frilled lizards
  A gnoll skeleton (Ossuary)
  5 goblin skeletons (Ossuary)
  5 goblin zombies (Ossuary)
  7 hobgoblin skeletons (Ossuary)
  4 hobgoblin zombies (Ossuary)
  4 kobold skeletons (Ossuary)
  3 kobold zombies (Ossuary)
  3 orc skeletons (Ossuary)
  6 orc zombies (Ossuary)
  5 rats
  5 rat skeletons (Ossuary)
  2 rat zombies (Ossuary)
412 creatures vanquished.

Vanquished Creatures (collateral kills)
  2 orcs (Orc:1)
2 creatures vanquished.

Vanquished Creatures (others)
  A gnoll (D:9)
  30 fungi
  62 plants
93 creatures vanquished.

Grand Total: 507 creatures vanquished

Notes
Turn   | Place    | Note
-------+----------+-------------------------------------------
     0 | D:1      | Chudface the Kobold Brigand began the quest for the Orb.
     0 | D:1      | Reached XP level 1. HP: 12/12 MP: 1/1
   134 | D:1      | Reached XP level 2. HP: 16/18 MP: 2/2
   934 | D:1      | Reached XP level 3. HP: 22/22 MP: 3/3
  1241 | D:2      | Identified the amulet "Totyvem" {Reflect rN+ Will+ Str+3
                  | SH+5}
  1671 | D:3      | Found a snail-covered altar of Cheibriados.
  1765 | D:3      | Reached XP level 4. HP: 27/27 MP: 4/4
  1775 | D:3      | Reached skill level 6 in Stealth
  1777 | D:3      | Reached XP level 5. HP: 32/32 MP: 5/5
  1863 | D:3      | Found a white marble altar of Elyvilon.
  2045 | D:4      | Found a sand-covered staircase.
  2049 | Ossuary  | Entered an ossuary
  2340 | Ossuary  | Noticed Menkaure
  2356 | Ossuary  | Killed Menkaure
  2357 | Ossuary  | Reached XP level 6. HP: 38/38 MP: 6/6
  2505 | D:5      | Entered Level 5 of the Dungeon
  2670 | D:3      | Found a basalt altar of Yredelemnul.
  2910 | D:4      | Reached skill level 7 in Stealth
  2910 | D:4      | Reached XP level 7. HP: 43/43 MP: 7/7
  2984 | D:4      | Found a large runed translucent door.
  2984 | D:4      | Found a large runed translucent door.
  2999 | D:4      | Found a large runed translucent door.
  3005 | D:4      | Found a large runed translucent door.
  3006 | D:4      | Found the +7 sceptre of Torment {pain, torment}
  3016 | D:4      | Reached skill level 5 in Short Blades
  3042 | D:4      | Got the Papyrus of Fascination and Peregrination
  3088 | D:4      | Found an ancient bone altar of Kikubaaqudgha.
  3208 | D:4      | Got the Disquisition on Beckoning
  3255 | D:4      | Reached XP level 8. HP: 48/48 MP: 8/8
  3511 | D:4      | Reached skill level 5 in Fighting
  3604 | D:5      | Found a staircase to the Ecumenical Temple.
  3610 | Temple   | Entered the Ecumenical Temple
  3778 | Temple   | Became a worshipper of Uskayaw the Reveller
  3831 | D:5      | Reached * piety under Uskayaw
  3835 | D:5      | Reached skill level 5 in Dodging
  3835 | D:5      | Reached skill level 8 in Stealth
  3932 | D:5      | Reached skill level 1 in Ranged Weapons
  4048 | D:5      | Reached ** piety under Uskayaw
  4050 | D:5      | Reached skill level 1 in Invocations
  4397 | D:7      | Found Xihobb's Book Shop.
  4579 | D:6      | Reached *** piety under Uskayaw
  4582 | D:6      | Reached **** piety under Uskayaw
  4585 | D:6      | Reached XP level 9. HP: 42/54 MP: 9/11
  4830 | D:5      | Reached skill level 5 in Ranged Weapons
  5183 | D:7      | Found an opulent altar of Gozag.
  5596 | D:8      | Reached skill level 1 in Armour
  5699 | D:8      | Noticed a komodo dragon
  5716 | D:8      | Killed a komodo dragon
  5717 | D:8      | Reached skill level 5 in Invocations
  5752 | D:9      | Found a staircase to the Orcish Mines.
  5782 | D:8      | Found a staircase to the Lair.
  5914 | D:8      | Noticed a hornet
  5925 | D:8      | Noticed a hornet
  5925 | D:8      | Killed a hornet
  5926 | D:8      | Reached skill level 9 in Stealth
  5926 | D:8      | Reached XP level 10. HP: 49/59 MP: 8/13
  6008 | D:9      | Noticed Maggie
  6151 | D:8      | Reached skill level 1 in Shields
  6160 | D:8      | Reached skill level 10 in Short Blades
  6450 | D:9      | Reached skill level 10 in Stealth
  6469 | D:9      | Reached ***** piety under Uskayaw
  6685 | D:10     | Entered Level 10 of the Dungeon
  6795 | D:9      | Got the Handbook of the Tempest
  6799 | D:9      | Found Quheil's Mayhem Merchandise.
  7015 | D:9      | Noticed Erolcha
  7084 | Lair:1   | Entered Level 1 of the Lair of Beasts
  7084 | Lair:1   | Noticed a black mamba
  7091 | Lair:1   | Killed a black mamba
  7292 | Lair:1   | Noticed a komodo dragon
  7312 | Lair:1   | Killed a komodo dragon
  7312 | Lair:1   | HP: 3/60 [yak (10)]
  7313 | Lair:1   | Reached XP level 11. HP: 4/64 MP: 15/15
  7640 | D:11     | Found a frozen archway.
  7858 | IceCv    | Entered an ice cave
  8473 | IceCv    | Reached skill level 5 in Evocations
  9309 | IceCv    | Noticed a bog body
  9316 | IceCv    | Killed a bog body
  9340 | IceCv    | Noticed a bog body
  9349 | IceCv    | Killed a bog body
  9579 | D:10     | Noticed a ten-headed hydra
  9580 | D:10     | Found a runed translucent gate.
  9581 | D:10     | Found a runed translucent gate.
  9581 | D:10     | Noticed ytrimaz's ghost (novice GnFi)
  9582 | D:10     | Found a runed translucent gate.
  9583 | D:10     | Noticed a 12-headed hydra
 10110 | D:9      | Killed Erolcha
 10111 | D:9      | Reached XP level 12. HP: 73/73 MP: 17/17
 10298 | D:10     | Killed Maggie
 11157 | D:11     | Noticed a two-headed ogre
 11161 | D:11     | Killed a two-headed ogre
 11162 | D:11     | Reached skill level 11 in Stealth
 11182 | D:11     | Noticed a skeletal warrior
 11753 | Lair:1   | You fall into a shaft and drop 1 floor!
 11961 | Lair:3   | Noticed a boulder beetle
 11964 | Lair:3   | Killed a boulder beetle
 12612 | Lair:1   | Noticed Amaemon
 12818 | Lair:2   | Reached skill level 10 in Ranged Weapons
 12900 | Lair:2   | Reached skill level 12 in Stealth
 12918 | Lair:2   | Found a runed translucent door.
 12960 | Lair:2   | Noticed a boulder beetle
 12964 | Lair:2   | Killed a boulder beetle
 12965 | Lair:2   | Reached XP level 13. HP: 80/80 MP: 18/20
 13069 | Lair:2   | Reached skill level 10 in Dodging
 14196 | Lair:3   | Found a hole to the Spider Nest.
 14224 | Lair:3   | Reached ****** piety under Uskayaw
 14257 | Lair:3   | Reached skill level 10 in Invocations
 14262 | Lair:3   | Reached skill level 10 in Fighting
 14342 | Lair:4   | Noticed a five-headed hydra
 14395 | Lair:4   | Reached skill level 13 in Stealth
 14535 | Lair:4   | Noticed an eight-headed hydra
 14733 | Lair:5   | Entered Level 5 of the Lair of Beasts
 14872 | Lair:4   | Killed an eight-headed hydra
 15242 | Lair:4   | Reached skill level 14 in Stealth
 15809 | Lair:5   | Found a runed translucent door.
 15810 | Lair:5   | Noticed an ice dragon
 16013 | Lair:5   | Noticed an eight-headed hydra
 16068 | Lair:5   | Killed an eight-headed hydra
 16689 | Orc:1    | Entered Level 1 of the Orcish Mines
 16691 | Orc:1    | Noticed an orc warlord
 16712 | Orc:1    | Mangled by an orc warlord

Illustrated notes

Levels and vault maps discovered:
D:1:      minmay_arrival_loop, layout_basic
D:2:      layout_rooms
D:3:      layout_loops_ring, nicolae_elyvilon_peaceful_grove,
          lemuel_doored_altar, mainiacjoe_overflow_brackets
D:4:      layout_gridville, mainiacjoe_overflow_surrounded_room,
          enter_ossuary_5, minmay_hollow_rounded_squares
D:5:      layout_rooms, minmay_temple_entry_enclosed_plants
D:6:      layout_basic, minmay_chambers_of_fives
D:7:      layout_loops_ring, grunt_gozag_breadcrumbs, minmay_fountain_box,
          hangedman_abyss_or_decor_stabs, kennysheep_pointless_box,
          hangedman_decor_riveting, nicolae_stop_n_shop_1, chequers_jeans
D:8:      layout_rooms, david_lair_shrubbed
D:9:      layout_rooms, orc_0_dummy, minmay_shop_mayhem, uniq_erolcha,
          uniq_maggie
D:10:     layout_cave_pools, gammafunk_ghost_hydra_chop, kennysheep_diamond
D:11:     layout_layer_cave, portal_ice_cave_entry_imps,
          minmay_increasing_density
D:12:     layout_cave_pools
Temple:   minmay_crystal_spiral_temple
Lair:1:   layout_gridlike, grunt_megastairs_5, uniq_amaemon
Lair:2:   layout_regular_city, nicolae_swamp_entry_splash_gauntlet,
          ebering_ghost_reflecting_pool, serial_bayou_shore_a
Lair:3:   layout_roguey, nicolae_spider_entry_tight_spaces,
          grunt_forest_small_clearing_treed, infiniplex_staircase_pool
Lair:4:   layout_roguey
Lair:5:   wormcave, layout_cave_pods, guppyfry_lair_end_dragon,
          dpeg_slime_entry_corner
Orc:1:    layout_diamond_mine, nicolae_orc_crystal_geode, uniq_fannar

Skill      XL: |  1  2  3  4  5  6  7  8  9 10 11 12 13 |
---------------+----------------------------------------+-----
Short Blades   | 3 4 5 7 9 10 | 10.0
Dodging        | 2 3 4 5 8 9 10 | 10.0
Fighting       | 3 4 5 7 9 10 | 10.0
Throwing       | 3 |  3.0
Stealth        | 6 7 8 9 10 12 14 | 14.9
Ranged Weapons | 4 6 8 10 13 | 13.1
Invocations    | 3 5 7 9 10 | 10.0
Armour         | 1 |  1.0
Evocations     | 3 4 5 |  5.0
Shields        | 3 4 |  4.0

Action                     |  1- 3 |  4- 6 |  7- 9 | 10-12 | 13-15 || total
---------------------------+-------+-------+-------+-------+-------++-------
  Melee: Dagger            |    60 |   190 |   168 |   614 |   155 ||  1187
         Punch             |       |     4 |     3 |       |       ||     7
   Fire: Sling             |       |       |    59 |   132 |   223 ||   414
  Throw: Dart              |       |       |       |     6 |     4 ||    10
 Invoke: Line Pass         |       |       |     1 |     1 |       ||     2
         Grand Finale      |       |       |       |     1 |       ||     1
  Evoke: Wand              |       |       |       |    28 |     1 ||    29
         Box of beasts     |       |       |       |       |     1 ||     1
    Use: Scroll            |     4 |     1 |     6 |     8 |     8 ||    27
         Potion            |       |       |       |     2 |       ||     2
   Stab: Sleeping          |    19 |     8 |    17 |    25 |    14 ||    83
         Distracted        |       |     2 |     1 |     4 |       ||     7
         Paralysed         |       |       |     1 |    20 |    13 ||    34
         Confused          |       |       |       |     1 |       ||     1
 Armour: Robe              |     6 |       |       |       |       ||     6
         Ring mail         |       |    26 |    21 |    64 |    44 ||   155
         Leather armour    |       |       |    16 |    13 |       ||    29
  Dodge: Dodged            |    22 |    67 |    88 |   236 |   178 ||   591
         Repelled          |       |       |       |       |     3 ||     3
  Block: Other             |       |    17 |    37 |     1 |       ||    55
         Buckler           |       |       |       |   201 |   120 ||   321
         Reflection        |       |       |       |     4 |       ||     4

Table legend: (Time is in decaauts)
 A = Elapsed time spent in this place.
 B = Non-inter-level travel time spent in this place.
 C = Inter-level travel time spent in this place.
 D = Time resting spent in this place.
 E = Time spent auto-exploring this place.
 F = Levels seen in this place.
 G = Mean time per level.
                   A        B        C        D        E       F      G
               +--------+--------+--------+--------+--------+-----+--------+
         Total |  16290 |  14000 |   2290 |   1697 |   1135 |  21 |  775.7 |
       Dungeon |   9156 |   7820 |   1336 |    749 |   1114 |  12 |  763.0 |
        Temple |    181 |     96 |     85 |      0 |      0 |   1 |  181.0 |
          Lair |   5078 |   4210 |    868 |    419 |     21 |   5 | 1015.6 |
  Orcish Mines |     21 |     21 |      0 |      0 |      0 |   1 |   21.0 |
       Ossuary |    345 |    345 |      0 |      1 |      0 |   1 |  345.0 |
      Ice Cave |   1506 |   1506 |      0 |    528 |      0 |   1 | 1506.0 |
               +--------+--------+--------+--------+--------+-----+--------+

Top non-repeatable levels by time:
   IceCv: 1506 daAuts
  Lair:5: 1216 daAuts
     D:8: 1193 daAuts
     D:9: 1146 daAuts
    D:11: 1143 daAuts
  Lair:2: 1067 daAuts
     D:1: 1011 daAuts
  Lair:4: 968 daAuts
  Lair:3: 944 daAuts
     D:4: 918 daAuts
  Lair:1: 881 daAuts
    D:10: 750 daAuts
     D:5: 643 daAuts
     D:7: 615 daAuts
     D:3: 598 daAuts
